 Dungeon Crawl Stone Soup version 0.31.0-32-g396128a36d (webtiles) character file.

Game seed: 12394552922474118775

1693403 TacoSundae the Impregnable (level 25, 234/234 HPs)
             Began as an Armataur Fighter on Apr 17, 2024.
             Was the Champion of Okawaru.
             Escaped with the Orb
             ... and 3 runes on Apr 18, 2024!
             The game lasted 03:56:48 (63688 turns).

TacoSundae the Impregnable (Armataur Fighter)      Turns: 63688, Time: 03:56:49

Health: 234/234    AC: 59    Str: 28 (29) XL:     25   Next: 3%
Magic:  8/8        EV:  4    Int: 16      God:    Okawaru [******]
Gold:   6397       SH: 25    Dex: 11      Spells: 24/24 levels left

rFire   + + .        b - +5 demon whip "Spellbinder" {antimagic, disrupt, Will+}
rCold   + + +        o - +4 kite shield {rC+}
rNeg    + . .        R - +7 gold dragon scales
rPois   +            U - +1 hat {Will+}
rElec   +            F - +2 cloak {Will+}
rCorr   .            k - +5 pair of gloves of Ebosag {rPois Int+3}
SInv    +            f - +2 barding
Will    ++++.        K - amulet "Manul" {Reflect rC+ Dex-4 SH+5 SInv} Stlth
                     i - +4 ring of slaying
HPRegen 0.00/turn    Q - ring "Jemiaw" {Wiz rElec rN+ Int+5}
MPRegen 0.11/turn

%: reflection, roll, wizardry (x1)
@: inhibited regen, studying 2 skills
A: large, deformed body, tough skin 3, armoured tail, roll 2, iridescent scales
3, fire resistance 1, low MP 2, inhibited regeneration, wild magic 1, inability
to read after injury 1
0: Orb of Zot
}: 3/15 runes: barnacled, abyssal, gossamer
a: Renounce Religion, Heroism, Finesse, Duel


You escaped.
You worshipped Okawaru.
Okawaru was exalted by your worship.
You visited 11 branches of the dungeon, and saw 46 of its levels.
You visited the Abyss 5 times.
You also visited: Bailey, Gauntlet and Ice Cave.

You collected 7662 gold pieces.
You spent 1265 gold pieces at shops.

Inventory:

Hand Weapons
 a - a +5 eveningstar of holy wrath
 b - the +5 demon whip "Spellbinder" (weapon) {antimagic, disrupt, Will+}
   (Okawaru gifted it to you on level 1 of the Lair of Beasts)

   Will+:     It increases your willpower.
 j - a +2 demon whip of freezing
Missiles
 d - 10 curare-tipped darts
 h - 94 boomerangs (quivered)
 y - 5 throwing nets
 V - 17 silver javelins
Armour
 f - a +2 barding (worn)
 k - the +5 pair of gloves of Ebosag (worn) {rPois Int+3}
   (Okawaru gifted it to you on level 1 of the Lair of Beasts)

   Int+3:     It affects your intelligence (+3).
   rPois:     It protects you from poison
 o - a +4 kite shield of cold resistance (worn)
 F - a +2 cloak of willpower (worn)
 R - +7 gold dragon scales (worn)
 U - a +1 hat of willpower (worn)
Jewellery
 i - a +4 ring of slaying (left hand)
 n - a ring of protection from fire
 K - the amulet "Manul" (around neck) {Reflect rC+ Dex-4 SH+5 SInv}
   (You bought it in a shop on level 3 of the Depths)

   [amulet of reflection]

   Reflect:   It reflects blocked missile attacks.
   Dex-4:     It affects your dexterity (-4).
   rC+:       It protects you from cold.
   SInv:      It lets you see invisible.
   SH+5:      It affects your SH (+5).
 Q - the ring "Jemiaw" (right hand) {Wiz rElec rN+ Int+5}
   (You took it off a minotaur in a Gauntlet)

   [ring of wizardry]

   Wiz:       It improves your spell success rate.
   Int+5:     It affects your intelligence (+5).
   rElec:     It insulates you from electricity.
   rN+:       It protects you from negative energy.
Talismans
 S - the death talisman "Apseesag" {rC++ Int-4 Dex+2}
   (You found it in an ice cave)

   [talisman of death]

   Int-4:     It affects your intelligence (-4).
   Dex+2:     It affects your dexterity (+2).
   rC++:      It greatly protects you from cold.
Wands
 s - a wand of digging (10)
 v - a wand of paralysis (66)
 w - a wand of quicksilver (22)
 z - a wand of iceblast (47)
 E - a wand of mindburst (79)
Scrolls
 e - 16 scrolls of teleportation
 t - 6 scrolls of noise
 x - 7 scrolls of fog
 B - a scroll of blinking
 D - 6 scrolls of silence
 J - 7 scrolls of fear
 O - 4 scrolls of brand weapon
 T - 6 scrolls of poison
 W - 28 scrolls of identify
Potions
 c - 14 potions of curing
 g - 4 potions of heal wounds
 l - 4 potions of resistance
 p - 4 potions of attraction
 r - 6 potions of cancellation
 u - 8 potions of enlightenment
 A - 2 potions of haste
 C - 2 potions of might
 G - 3 potions of ambrosia
 H - a potion of berserk rage
 I - 2 potions of mutation
 L - 5 potions of magic
 M - 3 potions of invisibility


   Skills:
 + Level 20.8 Fighting
 + Level 19.6 Maces & Flails
 + Level 13.4 Throwing
 + Level 26.1 Armour
 + Level 23.6 Shields
 - Level 10.0 Invocations


You had 24 spell levels left.
You didn't know any spells.
Your spell library contained the following spells:

 Spells                   Type           Power      Damage    Failure   Level
 Foxfire                  Conj/Fire      0%         2x1d4     61%         1
 Magic Dart               Conj           0%         1d3       61%         1
 Sandblast                Erth           0%         2d4       61%         1
 Shock                    Conj/Air       0%         1d3       61%         1
 Slow                     Hex            0%         N/A       61%         1
 Blink                    Tloc           0%         N/A       75%         2
 Cigotuvi's Dreadful Rot  Necr/Alch/Air  0%         N/A       75%         2
 Ensorcelled Hibernation  Hex/Ice        0%         N/A       75%         2
 Jinxbite                 Hex            0%         N/A       75%         2
 Lesser Beckoning         Tloc           0%         N/A       75%         2
 Confusing Touch          Hex            0%         N/A       91%         3
 Dazzling Flash           Conj/Hex       0%         N/A       91%         3
 Frozen Ramparts          Ice            0%         1d1       91%         3
 Fugue of the Fallen      Necr           0%         N/A       91%         3
 Gell's Gravitas          Tloc           0%         N/A       91%         3
 Inner Flame              Hex/Fire       0%         N/A       91%         3
 Mephitic Cloud           Conj/Alch/Air  0%         N/A       91%         3
 Passwall                 Erth           0%         N/A       91%         3
 Sigil of Binding         Hex            0%         N/A       91%         3
 Stone Arrow              Conj/Erth      0%         3d7       91%         3
 Swiftness                Air            0%         N/A       91%         3
 Teleport Other           Tloc           0%         N/A       91%         3
 Vampiric Draining        Necr           0%         2d6       91%         3
 Airstrike                Air            0%         2d(0-16)  99%         4
 Anguish                  Hex/Necr       0%         N/A       99%         4
 Brom's Barrelling Bould  Conj/Erth      0%         2d3       99%         4
 Dimensional Bullseye     Hex/Tloc       0%         N/A       99%         4
 Dispel Undead            Necr           0%         3d6       99%         4
 Flame Wave               Conj/Fire      0%         2d4       99%         4
 Leda's Liquefaction      Alch/Erth      0%         N/A       99%         4
 Passage of Golubria      Tloc           0%         N/A       99%         4
 Petrify                  Alch/Erth      0%         N/A       99%         4
 Sticky Flame             Fire/Alch      0%         2d4       99%         4
 Vhi's Electric Charge    Tloc/Air       0%         N/A       99%         4
 Arcjolt                  Conj/Air       0%         1d10      100%        5
 Curse of Agony           Necr           0%         N/A       100%        5
 Iskenderun's Battlesphe  Conj           0%         2d6       100%        5
 Metabolic Englaciation   Hex/Ice        0%         N/A       100%        5
 Silence                  Hex/Air        0%         N/A       100%        5
 Yara's Violent Unravell  Hex/Alch       0%         3d3       100%        5
 Bombard                  Conj/Erth      0%         9d1       100%        6
 Dispersal                Tloc           0%         N/A       100%        6
 Plasma Beam              Fire/Air       0%         2x1d10    100%        6
 Starburst                Conj/Fire      0%         6d3       100%        6
 Enfeeble                 Hex            0%         N/A       100%        7
 Borgnjor's Revivificati  Necr           0%         N/A       100%        8
 Lehudib's Crystal Spear  Conj/Erth      0%         10d2      100%        8
 Maxwell's Capacitive Co  Air            0%         ∞         100%        8
 Death's Door             Necr           0%         N/A       100%        9
 Call Imp                 Summ           Unusable   N/A       N/A         2
 Animate Armour           Summ/Erth      Unusable   N/A       N/A         4
 Martyr's Knell           Necr/Summ      Unusable   N/A       N/A         4
 Summon Blazeheart Golem  Fire/Summ      Unusable   N/A       N/A         4
 Death Channel            Necr           Unusable   N/A       N/A         6
 Haunt                    Necr/Summ      Unusable   N/A       N/A         7
 Spellforged Servitor     Conj/Summ      Unusable   N/A       N/A         7

Dungeon Overview and Level Annotations

Branches:
Dungeon (15/15)            Temple (1/1) D:5            Lair (5/5) D:11
 Shoals (4/4) Lair:3       Spider (4/4) Lair:2        Slime (1/5) Lair:4
    Orc (2/2) D:10            Elf (0/3) Orc:2        Vaults (4/5) D:13
  Crypt (0/3) Vaults:2     Depths (4/4) D:15           Hell (visited)
    Zot (5/5) Depths:4     Bailey (visited)           IceCv (visited)
Gauntlet (visited)
    Dis: Hell:1         Geh: Hell:1         Coc: Hell:1         Tar: Hell:1

Altars:
Ashenzari
Cheibriados
Dithmenos
Elyvilon
Fedhas
Gozag
Hepliaklqana
Kikubaaqudgha
Makhleb
Nemelex Xobeh
Okawaru
Qazlal
Ru
Sif Muna
Trog
Uskayaw
Vehumet
Wu Jian
Xom
Yredelemnul
Zin
The Shining One
Jiyva

Shops:
D:7 (   D:8 =   D:12 (   D:13 *[[!   D:14 (   Orc:1 (   Orc:2 *[((   Shoals:1 *
Shoals:2 [   Vaults:4 (   Depths:3 *(([?

Portals:
Hell: Depths:1 Depths:2 Depths:3 Depths:4
Abyss: Depths:3
Pandemonium: Depths:2
Ziggurat: Depths:4

Annotations:
D:3 1 runed translucent door, Crazy Yiuf
Shoals:1 1 runed translucent door, Hubris850's ghost, adept MfIE
Vaults:1 36 runed translucent doors
Hell Geryon
Zot:4 1 transporter


Innate Abilities, Weirdness & Mutations

Armour fits poorly on your strangely shaped body.
You have extremely tough skin. (AC +3)
You have a long armoured tail.
You regenerate magic and health when rolling toward enemies. (Rampage Regen)
You are completely covered in iridescent scales. (AC +6)
Your flesh is heat resistant. (rF+)
Your magical capacity is very low. (-20% MP)
You do not regenerate when monsters are visible.
Your spells are a little harder to cast, but a little more powerful.
You occasionally lose the ability to read scrolls when taking damage.


Message History

There is a stone staircase leading up here.
You see here a potion of degeneration.
You climb upwards.
There is a stone staircase leading down here.
There is a stone staircase leading up here.
You climb upwards.
There is a stone staircase leading down here.
There is a stone staircase leading up here.
You climb upwards.
There is a stone staircase leading down here.
There is a stone staircase leading up here.
You climb upwards.
Level annotation: 1 runed translucent door, Crazy Yiuf
There is a stone staircase leading down here.
There is a stone staircase leading up here.
You climb upwards.
There is a stone staircase leading down here.
There is an escape hatch in the ceiling here.
A mysterious force pulls you upwards. The hatch slams shut behind you.
Unknown command.
Aiming: Dig
Press: ? - help, Shift-Dir - straight line, f - you Please select a direction to dig.
This square is covered in magical glow.
The rock shatters into small pieces.
A ynoxinul comes into view.
The ynoxinul gestures.
There is a large open door here.
The ufetubus hits you but does no damage.
You block the ufetubus's attack. The ufetubus slips past you!
You block the ufetubus's attack. x2
The ynoxinul gestures.
You closely miss the ufetubus. You tail-slap the ufetubus.
The ufetubus is heavily wounded.
You block the ufetubus's attack. x2
You thrash the ufetubus!!
You kill the ufetubus!
The ufetubus disappears in a puff of smoke!
There is a staircase leading out of the dungeon here.
You have escaped!

############3###.##.....
§≈≈≈≈≈##.##.##.....
≈§§≈≈≈≈≈#.#.##.....
≈§§#§§≈≈≈#..##.....
≈§§§§≈§§##5##.....
≈≈≈≈≈≈#≈≈#..#.....
####≈§≈§≈#.#......
#>....55.'.##.....
#@...535.'.##.....
####≈≈≈≈≈#.#####..
≈≈§§≈#≈≈#.# #..
§≈≈§≈≈≈≈≈##.# #..
§§≈§#≈§≈§≈##.# #..
§§§§§§≈≈≈###.# #..
#≈≈§≈§§### #.# #..
############.# #..
#[...# #..


You could see a ynoxinul and 4 ufetubi.

Vanquished Creatures
  2 dread liches
  2 ancient liches
  3 orbs of fire
  A juggernaut (Depths:3)
  Vv (Zot:2)
  8 Killer Klowns
  2 caustic shrikes
  2 curse toes
  9 golden dragons
  5 bone dragons
  Arachne (Spider:2)
  12 tentacled monstrosities
  2 electric golems (Zot:5)
  3 Hell Sentinels
  Jorgrun (D:12)
  24 Orb Guardians
  2 liches
  A hellephant (Abyss:2)
  Asterion (Vaults:3)
  A walking earthen tome (Depths:3)
  2 krakens
  An Executioner (Abyss:2)
  8 death cobs
  5 tentacled starspawn
  2 tengu reavers (Depths:3)
  3 sphinxes
  9 shadow dragons
  Kirke (D:15)
  Donald (Shoals:4)
  Aizul (Shoals:3)
  13 storm dragons
  4 protean progenitors (Depths:4)
  4 draconian knights
  A revenant (Abyss:3)
  3 draconian monks
  5 frost giants
  3 draconian shifters
  9 fire giants
  6 emperor scorpions
  4 ghost moths
  4 vault wardens
  3 draconian stormcallers
  13 ironbound preservers
  2 cacodemons
  7 draconian scorchers
  6 orc warlords
  19 stone giants
  23 very ugly things
  7 ironbound thunderhulks
  5 draconian annihilators
  4 reapers (Depths:1)
  An ophan (Abyss:1)
  7 green draconians
  3 formless jellyfish
  2 vampire knights (Depths:2)
  2 eleionomae (Shoals:2)
  6 black draconians
  A lorocyproca (Abyss:2)
  14 dire elephants
  A minotaur (Gauntlet)
  21 yellow draconians
  4 spark wasps
  9 purple draconians
  2 war gargoyles (Vaults:3)
  Azrael (D:15)
  9 red draconians
  9 white draconians
  3 blizzard demons
  8 merfolk javelineers
  7 ettins
  A ragged hierophant (Vaults:2)
  2 jiangshi (Depths:2)
  5 fire dragons
  6 entropy weavers
  2 green deaths
  7 yaktaur captains
  10 merfolk impalers
  A quicksilver dragon skeleton (Vaults:2)
  2 vault guards (Vaults:1)
  A deep elf high priest (Vaults:2)
  A hell beast (Zot:3)
  8 great orbs of eyes
  6 merfolk avatars
  7 ice dragons
  8 ironbound frosthearts
  5 hydras
  2 rakshasas
  Erolcha (D:11)
  A peacekeeper (Vaults:3)
  2 centaur warriors
  6 spriggan air magi
  4 jorogumos (Spider:4)
  2 death knights (Vaults:2)
  A sphinx zombie (Depths:1)
  2 alligator snapping turtles
  5 satyrs
  4 boulder beetles
  2 radroaches (Spider:2)
  9 death scarabs (Spider:4)
  5 merfolk aquamancers
  A two-headed ogre (D:9)
  3 hell hogs (Depths:1)
  3 tengu warriors
  2 vampire magi
  9 thrashing horrors
  12 deep troll earth magi
  3 occultists
  A spectral emperor scorpion (Spider:4)
  Urug (D:12)
  3 shock serpents (Depths:4)
  5 demonic crawlers
  6 spriggan berserkers
  2 soul eaters (Depths:1)
  16 death yaks
  11 hell knights
  2 iron trolls
  Sonja (D:12)
  3 sun demons (Depths:1)
  5 skysharks
  3 sixfirhies
  A fire crab (Gauntlet)
  A pharaoh ant (Spider:1)
  A spatial maelstrom (Abyss:3)
  2 shadow wraiths
  An iron giant zombie (Abyss:3)
  16 skeletal warriors
  8 wretched stars
  44 deep trolls
  A flayed ghost (Depths:1)
  A sun moth (Spider:3)
  13 sea snakes
  11 orb spiders
  5 glowing orange brains
  15 ironbound convokers
  14 orc knights
  35 harpies
  2 phantasmal warriors (Depths:2)
  A shadow demon (Depths:2)
  2 spectral jorogumos (Spider:4)
  14 lindwurms
  8 steelbarb worms
  5 arcanists
  A wolf spider zombie (Spider:4)
  A deep elf pyromancer (D:12)
  A deep elf zephyrmancer (D:13)
  5 necromancers
  14 large abominations
  54 ugly things
  29 starcursed masses
  20 manticores
  4 orc sorcerers
  19 fauns (Shoals:2)
  A broodmother zombie (Spider:4)
  14 wolf spiders
  4 oklob plants (Lair:1)
  2 worldbinders
  2 stone giant skeletons (Depths:1)
  A will-o-the-wisp (Abyss:3)
  5 cyclopes
  2 draconians (Abyss:3)
  A fire giant skeleton (Depths:1)
  A guardian serpent (D:12)
  9 meliai
  21 moths of wrath
  13 merfolk sirens
  3 black mambas
  11 vault sentinels
  2 orange demons
  A torpor snail (Spider:3)
  2 molten gargoyles (D:14)
  9 water nymphs
  An eye of devastation (shapeshifter) (D:15)
  An ice statue (IceCv)
  6 smoke demons
  11 cane toads
  28 elephants
  2 gargoyles
  2 rust devils
  2 eyes of devastation (Depths:4)
  A centaur skeleton (Abyss:2)
  3 rime drakes
  Maggie (D:8)
  2 kobold demonologists
  Jeremiah (D:6)
  A cane toad (shapeshifter) (D:15)
  2 spectral redbacks (Spider:4)
  A freezing wraith (Vaults:2)
  4 hellions
  22 yaktaurs
  An efreet (Gauntlet)
  7 komodo dragons
  An ancient zyme (Abyss:1)
  5 tengu conjurers
  A merfolk (shapeshifter) (Depths:4)
  The ghost of Lemonizer the Sneak, a novice VSHs of Uskayaw (D:4)
  7 hellwings (Abyss:2)
  13 trolls
  A tyrant leech (Depths:4)
  2 spectral culicivoras (Spider:4)
  7 hornets
  3 saltlings (Vaults:2)
  30 merfolk
  8 wind drakes
  20 polar bears
  3 spectral tarantellas (Spider:4)
  Grinder (D:3)
  8 raiju
  16 tarantellas
  A dream sheep (shapeshifter) (Depths:2)
  6 blink frogs
  6 snapping turtles
  A tarantella zombie (Spider:4)
  22 dream sheep
  5 glass eyes
  2 spectral jumping spiders (Spider:4)
  45 slime creatures
  17 culicivoras
  An air elemental (Abyss:2)
  23 jumping spiders
  An ettin skeleton (Depths:1)
  3 shadows
  17 spriggans
  4 ynoxinuls
  5 wraiths
  6 wyverns
  22 water elementals
  6 fire bats (Gauntlet)
  3 humans (D:15)
  A hog (D:15)
  3 basilisks
  91 yaks
  A golden eye (shapeshifter) (D:12)
  6 fire elementals
  4 wargs
  A vampire mosquito (D:13)
  33 redbacks
  A neqoxec (Abyss:1)
  A yaktaur simulacrum (Vaults:2)
  3 spatial vortices (Abyss:3)
  4 acid dragons
  Duvessa (D:7)
  18 water moccasins
  9 hell hounds
  44 orc warriors
  6 black bears
  28 laughing skulls
  A sky beast (D:7)
  6 ogres
  9 small abominations
  5 boggarts
  12 centaurs
  58 wolves
  A human skeleton (Vaults:2)
  4 weeping skulls
  2 kobold brigands
  13 bullfrogs
  5 necrophages (Lair:3)
  3 scorpions
  9 wights
  Dowan (D:7)
  17 killer bees
  An electric eel (D:11)
  A bombardier beetle (D:5)
  4 howler monkeys
  A centaur zombie (D:7)
  4 hounds
  3 lava snakes
  A bullfrog zombie (D:7)
  7 jellies
  3 gnoll boudas
  3 iguanas
  19 orc priests
  A sleepcap (D:5)
  An iron imp (Abyss:1)
  Ijyb (D:4)
  21 orc wizards
  2 human simulacra (D:13)
  Robin (D:3)
  3 adders
  14 gnolls
  A shadow imp (D:5)
  2 white imps
  2 ufetubi (Abyss:2)
  A ribbon worm (shapeshifter) (D:11)
  3 dart slugs
  A ribbon worm (D:3)
  108 orcs
  4 bats
  8 endoplasms
  6 giant cockroaches
  13 goblins
  11 hobgoblins
  15 kobolds
  6 quokkas
  2 ball pythons (D:2)
  2 rats
  2 aspiring fleshes (Depths:4)
  2 lurking horrors
  2 starspawn tentacles (Abyss:3)
  7 tentacles
2146 creatures vanquished.

Vanquished Creatures (others)
  A draconian shifter (Depths:4)
  An ironbound preserver (Vaults:4)
  A steelbarb worm (Spider:3)
  A faun (Shoals:2)
  A vault sentinel (Vaults:1)
  A yaktaur (Vaults:3)
  A glass eye (Depths:3)
  A jumping spider zombie (Spider:4)
  2 golden eyes (Abyss:3)
  2 kobolds (D:8)
  2 foxfires (Abyss:3)
  11 starspawn tentacles
  16 tentacles
41 creatures vanquished.

Grand Total: 2187 creatures vanquished

Notes
Turn   | Place    | Note
-------+----------+-------------------------------------------
     0 | D:1      | TacoSundae the Armataur Fighter began the quest for the
                  | Orb.
     0 | D:1      | Reached XP level 1. HP: 18/18 MP: 1/1
   298 | D:1      | Reached XP level 2. HP: 24/25 MP: 2/2
   895 | D:2      | Found a shimmering altar of Xom.
   920 | D:2      | Reached XP level 3. HP: 30/30 MP: 3/3
   938 | D:2      | Got Hutups's Secrets of Nonlocality and Pyromania
  1222 | D:3      | Noticed Robin
  1254 | D:3      | Reached XP level 4. HP: 37/37 MP: 4/4
  1260 | D:3      | Killed Robin
  1434 | D:3      | Reached XP level 5. HP: 33/42 MP: 5/5
  1551 | D:3      | Noticed Grinder
  1569 | D:3      | Killed Grinder
  1570 | D:3      | Reached XP level 6. HP: 38/50 MP: 6/6
  1682 | D:3      | Found a runed translucent door.
  1683 | D:3      | Noticed Crazy Yiuf
  2020 | D:4      | Noticed Ijyb
  2035 | D:4      | Killed Ijyb
  2352 | D:3      | Reached skill level 4 in Armour
  2352 | D:3      | Gained mutation: You regenerate magic and health when
                  | rolling toward enemies. (Rampage Regen) [Armataur growth]
  2352 | D:3      | Reached XP level 7. HP: 37/57 MP: 7/7
  2440 | D:4      | Found a blossoming altar of Fedhas.
  2461 | D:4      | Identified the +4 halberd of Victory {pain, rC+ Dex+2}
  2538 | D:4      | Found a transporter.
  2544 | D:4      | Found a transporter.
  2547 | D:4      | Noticed Lemonizer's ghost (novice VSHs)
  2668 | D:4      | Found a hazy altar of Hepliaklqana.
  2833 | D:4      | Found an ornate altar of the Wu Jian Council.
  3001 | D:5      | Entered Level 5 of the Dungeon
  3001 | D:5      | Found a staircase to the Ecumenical Temple.
  3022 | Temple   | Entered the Ecumenical Temple
  3029 | Temple   | Became a worshipper of Warmaster Okawaru
  3178 | D:5      | Reached * piety under Okawaru
  3298 | D:5      | Reached skill level 5 in Armour
  3298 | D:5      | Reached XP level 8. HP: 66/66 MP: 8/8
  3560 | D:6      | Reached skill level 1 in Invocations
  3713 | D:6      | Noticed Jeremiah
  3786 | D:6      | Killed Jeremiah
  3786 | D:6      | Reached ** piety under Okawaru
  3896 | D:6      | Reached skill level 6 in Armour
  4557 | D:7      | Reached XP level 9. HP: 48/71 MP: 9/11
  4608 | D:7      | Reached *** piety under Okawaru
  4766 | D:7      | Reached skill level 5 in Fighting
  4786 | D:7      | Reached skill level 7 in Armour
  5209 | D:7      | Found Gejej's Weapon Emporium.
  5554 | D:7      | Noticed Dowan
  5560 | D:7      | Noticed Duvessa
  5569 | D:7      | Killed Duvessa
  5572 | D:7      | Killed Dowan
  5872 | D:7      | Found a basalt altar of Yredelemnul.
  6415 | D:8      | Reached **** piety under Okawaru
  6451 | D:8      | Reached XP level 10. HP: 82/83 MP: 13/13
  6462 | D:8      | Found an opulent altar of Gozag.
  6465 | D:8      | Found Befudaxa's Jewellery Emporium.
  6604 | D:8      | Reached skill level 10 in Maces & Flails
  6702 | D:8      | Noticed a cyclops
  6731 | D:8      | Killed a cyclops
  6732 | D:8      | Reached skill level 8 in Armour
  6732 | D:8      | Reached skill level 5 in Invocations
  6759 | D:8      | Identified the amulet "Tentaiko" {Spirit ^Drain rCorr
                  | Int+3}
  6870 | D:8      | Noticed Maggie
  6898 | D:8      | Killed Maggie
  7305 | D:4      | Killed Lemonizer's ghost
  7356 | D:4      | Identified the +8 chain mail of the Hot Ocelot {rF+ Will++
                  | Int-5}
  7469 | D:9      | Noticed a gargoyle
  7491 | D:8      | Killed a gargoyle
  7491 | D:8      | Reached ***** piety under Okawaru
  7668 | D:9      | Noticed a two-headed ogre
  7674 | D:9      | Reached skill level 5 in Shields
  7690 | D:9      | Killed a two-headed ogre
  7690 | D:9      | Received a gift from Okawaru
  7691 | D:9      | Reached skill level 9 in Armour
  7937 | D:9      | Reached XP level 11. HP: 78/91 MP: 15/15
  8043 | D:9      | Found a flagged portal.
  8059 | Bailey   | Entered a bailey
  8241 | Bailey   | Reached skill level 10 in Armour
  8241 | Bailey   | Reached XP level 12. HP: 102/102 MP: 16/16
  8459 | Bailey   | Reached skill level 11 in Armour
  8942 | D:9      | Found a sacrificial altar of Ru.
  9223 | D:9      | Found a glowing golden altar of the Shining One.
  9264 | D:10     | Entered Level 10 of the Dungeon
  9518 | D:10     | Found a staircase to the Orcish Mines.
  9629 | D:10     | Received a gift from Okawaru
 10356 | D:11     | Found a gate leading to a gauntlet.
 10365 | Gauntlet | Entered a Gauntlet
 10365 | Gauntlet | Found a transporter.
 10365 | Gauntlet | Found a transporter.
 10366 | Gauntlet | Found a transporter.
 10366 | Gauntlet | Found a transporter.
 10369 | Gauntlet | Found a transporter.
 10402 | Gauntlet | Found a transporter.
 10412 | Gauntlet | Found a transporter.
 10412 | Gauntlet | Noticed a catoblepas
 10427 | Gauntlet | Found a transporter.
 10455 | Gauntlet | Noticed a catoblepas
 10458 | Gauntlet | Found a transporter.
 10473 | Gauntlet | Found a transporter.
 10476 | Gauntlet | Found a transporter.
 10507 | Gauntlet | Found a transporter.
 10709 | Gauntlet | Received a gift from Okawaru
 10759 | Gauntlet | Identified the granite talisman of Hide-and-Seek {Fly rC+}
 10909 | Gauntlet | Identified the ring "Jemiaw" {Wiz rElec rN+ Int+5}
 10909 | Gauntlet | Noticed a minotaur
 10945 | Gauntlet | Killed a minotaur
 11122 | D:11     | Noticed Erolcha
 11144 | D:11     | Killed Erolcha
 11145 | D:11     | Reached skill level 12 in Armour
 11180 | D:11     | Reached XP level 13. HP: 111/111 MP: 18/18
 11199 | D:11     | Found a staircase to the Lair.
 11922 | D:12     | Noticed Urug
 11932 | D:12     | Noticed Jorgrun
 11942 | D:12     | Killed Urug
 11957 | D:12     | Killed Jorgrun
 12131 | D:12     | Found Nydoimm's Antique Weapon Emporium.
 12220 | D:12     | Noticed Sonja
 12240 | D:12     | Killed Sonja
 12551 | Lair:1   | Entered Level 1 of the Lair of Beasts
 12689 | Lair:1   | Received a gift from Okawaru
 12809 | Lair:1   | Reached skill level 10 in Shields
 13100 | Lair:1   | Reached skill level 10 in Fighting
 13251 | Lair:1   | Reached skill level 13 in Armour
 13265 | Lair:1   | Received a gift from Okawaru
 13581 | Lair:1   | Reached ****** piety under Okawaru
 13582 | Lair:1   | Reached XP level 14. HP: 111/122 MP: 21/21
 13582 | Lair:1   | Acquired the +5 pair of gloves of Ebosag {rPois Int+3}
 13582 | Lair:1   | Received a gift from Okawaru
 13594 | Lair:1   | Acquired the +5 demon whip "Spellbinder" {antimagic,
                  | disrupt, Will+}
 13594 | Lair:1   | Received a gift from Okawaru
 13594 | Lair:1   | Found the +5 demon whip "Spellbinder" {antimagic, disrupt,
                  | Will+}
 13681 | Lair:1   | Received a gift from Okawaru
 14048 | Lair:1   | Identified the +0 leather armour of the Morning Star
                  | {Rampage Fly rF- Int-2 Stlth+}
 14921 | Lair:2   | Received a gift from Okawaru
 15169 | Lair:2   | Found a hole to the Spider Nest.
 15288 | Lair:2   | Reached skill level 10 in Invocations
 15524 | Lair:3   | Reached skill level 1 in Throwing
 15639 | Lair:3   | Found a staircase to the Shoals.
 15649 | Lair:3   | Reached skill level 14 in Armour
 15661 | Lair:3   | Received a gift from Okawaru
 15996 | Lair:3   | Found a frozen archway.
 16005 | IceCv    | Entered an ice cave
 16425 | IceCv    | Identified the death talisman "Apseesag" {rC++ Int-4 Dex+2}
 16563 | IceCv    | Received a gift from Okawaru
 16879 | IceCv    | Reached XP level 15. HP: 98/130 MP: 7/22
 17566 | Lair:4   | Found a viscous altar of Jiyva.
 17581 | Lair:4   | Found a staircase to the Slime Pits.
 18434 | Slime:1  | Entered Level 1 of the Pits of Slime
 18481 | Lair:5   | Entered Level 5 of the Lair of Beasts
 18729 | Lair:5   | Reached skill level 15 in Armour
 18817 | Lair:5   | Received a gift from Okawaru
 19230 | Lair:5   | Reached skill level 5 in Throwing
 20065 | D:12     | Received a gift from Okawaru
 20825 | D:13     | Found Hepewal's General Store.
 20833 | D:13     | Found Voelaw's Armour Shop.
 20905 | D:13     | Identified the +1 robe of Sufficient Surprise {Dex+5}
 20990 | D:13     | Got the Treatise on Distance and Snow
 21083 | D:13     | Found Agalij's Distillery.
 21091 | D:13     | Bought 2 potions of heal wounds for 150 gold pieces
 21091 | D:13     | Bought a potion of might for 60 gold pieces
 21113 | D:13     | Found Disic's Antique Armour Shop.
 21258 | D:13     | Found a gate to the Vaults.
 21283 | D:13     | Received a gift from Okawaru
 21353 | D:13     | You fall into a shaft and drop 2 floors!
 21353 | D:15     | Entered Level 15 of the Dungeon
 21472 | D:15     | Identified the blade talisman "Zoigukk" {SInv}
 21580 | D:15     | Reached skill level 16 in Armour
 21580 | D:15     | Reached XP level 16. HP: 94/141 MP: 6/23
 21668 | D:15     | Received a gift from Okawaru
 21965 | D:15     | Noticed Azrael
 21983 | D:15     | Killed Azrael
 22077 | D:14     | Found Cuylif's Antique Weapon Shop.
 22245 | D:14     | Identified the +1 robe "Ruireig" {rElec rF- Str+5}
 22597 | D:14     | Received a gift from Okawaru
 23052 | D:14     | Identified the +1 halberd of Dominance {freeze, MP+9 Str+3}
 23621 | D:15     | Received a gift from Okawaru
 23625 | D:15     | Found a staircase to the Depths.
 23715 | D:15     | Noticed Kirke
 23747 | D:15     | Killed Kirke
 24084 | Orc:1    | Entered Level 1 of the Orcish Mines
 24119 | Orc:1    | Reached skill level 17 in Armour
 24400 | Orc:2    | Entered Level 2 of the Orcish Mines
 24400 | Orc:2    | Found a staircase to the Elven Halls.
 24749 | Orc:1    | Found Evekk's Firing Range.
 25034 | Orc:2    | Found Qukkot's Antique Weapon Boutique.
 25217 | Orc:2    | Found Weysiboe's General Store.
 25520 | Orc:2    | Found Ruipau's Antique Weapon Shop.
 25524 | Orc:2    | Found Jeqek's Antique Armour Boutique.
 25857 | Shoals:1 | Entered Level 1 of the Shoals
 25925 | Shoals:1 | Found Sisim's Assorted Antiques.
 25935 | Shoals:1 | Bought a potion of might for 76 gold pieces
 25935 | Shoals:1 | Bought a potion of curing for 57 gold pieces
 26038 | Shoals:1 | Received a gift from Okawaru
 26123 | Shoals:1 | Reached XP level 17. HP: 138/150 MP: 6/24
 26149 | Shoals:1 | Reached skill level 15 in Shields
 26321 | Shoals:1 | Found a runed translucent door.
 26322 | Shoals:1 | Noticed Hubris850's ghost (adept MfIE)
 26678 | Shoals:2 | Found Imevul's Armour Shop.
 26897 | Shoals:1 | Received a gift from Okawaru
 27573 | Shoals:2 | Received a gift from Okawaru
 27589 | Shoals:2 | Identified the +3 mace of Frustration {flame, Fly rN+ Str+4
                  | Int-5}
 27666 | Shoals:2 | Reached skill level 18 in Armour
 28395 | Shoals:3 | Received a gift from Okawaru
 28859 | Shoals:3 | Found a sparkling altar of Nemelex Xobeh.
 28864 | Shoals:3 | Noticed a kraken
 28901 | Shoals:3 | Killed a kraken
 29069 | Shoals:4 | Entered Level 4 of the Shoals
 29069 | Shoals:4 | Identified the serpent talisman "Juxtenah" {Dex+4}
 29069 | Shoals:4 | Noticed Aizul
 29089 | Shoals:3 | Killed Aizul
 29214 | Shoals:4 | Reached skill level 10 in Throwing
 29253 | Shoals:4 | Received a gift from Okawaru
 29443 | Shoals:4 | Reached XP level 18. HP: 161/161 MP: 8/25
 29734 | Shoals:4 | Noticed Donald
 29758 | Shoals:4 | Killed Donald
 30396 | Shoals:4 | Received a gift from Okawaru
 30438 | Shoals:4 | Identified the +4 spear "Rituddab" {antimagic, Fly rElec
                  | Int+3}
 30609 | Shoals:4 | Got a barnacled rune of Zot
 30769 | Spider:1 | Entered Level 1 of the Spider Nest
 31020 | Spider:1 | Reached skill level 15 in Maces & Flails
 31417 | Spider:1 | Reached skill level 19 in Armour
 31476 | Spider:1 | Reached skill level 15 in Fighting
 32302 | Spider:2 | Received a gift from Okawaru
 32468 | Spider:2 | Identified the +0 scale mail "Ycsiaps" {rPois Str+3 Int+3
                  | Stlth+}
 32983 | Spider:2 | Noticed Arachne
 32999 | Spider:2 | Killed Arachne
 33051 | Spider:2 | Gained mutation: Your muscles are strong. (Str +4, Int/Dex
                  | -1) [mutagenic glow]
 33681 | Spider:3 | Identified the +0 robe "Vudotza" {^Contam Rampage +Inv rC+}
 33980 | Spider:3 | Received a gift from Okawaru
 34353 | Spider:4 | Entered Level 4 of the Spider Nest
 34630 | Spider:4 | Reached XP level 19. HP: 170/170 MP: 8/26
 34932 | Spider:4 | Received a gift from Okawaru
 35648 | Spider:4 | Received a gift from Okawaru
 35723 | Spider:4 | Reached skill level 20 in Armour
 35784 | Spider:4 | Identified the +1 hat of Curiosity {Harm MP+9}
 35794 | Spider:4 | Got a gossamer rune of Zot
 36108 | Vaults:1 | Entered Level 1 of the Vaults
 36842 | Vaults:1 | Received a gift from Okawaru
 37697 | Vaults:1 | Found a huge runed translucent gate.
 37697 | Vaults:1 | Found a huge runed translucent gate.
 37697 | Vaults:1 | Found a huge runed translucent gate.
 37697 | Vaults:1 | Found a huge runed translucent gate.
 37697 | Vaults:1 | Found a huge runed translucent gate.
 37697 | Vaults:1 | Found a huge runed translucent gate.
 37697 | Vaults:1 | Found a huge runed translucent gate.
 37697 | Vaults:1 | Found a huge runed translucent gate.
 37697 | Vaults:1 | Found a huge runed translucent gate.
 37698 | Vaults:1 | Found a huge runed translucent gate.
 37698 | Vaults:1 | Found a huge runed translucent gate.
 37698 | Vaults:1 | Found a huge runed translucent gate.
 37698 | Vaults:1 | Found a huge runed translucent gate.
 37698 | Vaults:1 | Found a huge runed translucent gate.
 37698 | Vaults:1 | Found a huge runed translucent gate.
 37702 | Vaults:1 | Found a huge runed translucent gate.
 37703 | Vaults:1 | Found a huge runed translucent gate.
 37704 | Vaults:1 | Found a huge runed translucent gate.
 37704 | Vaults:1 | Found a huge runed translucent gate.
 37706 | Vaults:1 | Found a huge runed translucent gate.
 37707 | Vaults:1 | Found a huge runed translucent gate.
 37708 | Vaults:1 | Found a huge runed translucent gate.
 37709 | Vaults:1 | Found a huge runed translucent gate.
 37709 | Vaults:1 | Found a huge runed translucent gate.
 37714 | Vaults:1 | Found a huge runed translucent gate.
 37715 | Vaults:1 | Found a huge runed translucent gate.
 37715 | Vaults:1 | Found a huge runed translucent gate.
 37715 | Vaults:1 | Found a huge runed translucent gate.
 37715 | Vaults:1 | Found a huge runed translucent gate.
 37717 | Vaults:1 | Found a huge runed translucent gate.
 37718 | Vaults:1 | Found a huge runed translucent gate.
 37719 | Vaults:1 | Found a huge runed translucent gate.
 37719 | Vaults:1 | Found a huge runed translucent gate.
 37724 | Vaults:1 | Found a huge runed translucent gate.
 37725 | Vaults:1 | Found a huge runed translucent gate.
 37725 | Vaults:1 | Found a huge runed translucent gate.
 37996 | Vaults:2 | Received a gift from Okawaru
 38648 | Vaults:2 | Reached XP level 20. HP: 179/182 MP: 9/27
 38748 | Vaults:2 | Received a gift from Okawaru
 38872 | Vaults:2 | Reached skill level 21 in Armour
 39104 | Vaults:2 | Found a staircase to the Crypt.
 39401 | Vaults:2 | Paralysed by a formless jellyfish for 1 turns
 40186 | Vaults:3 | Received a gift from Okawaru
 41009 | Vaults:3 | Noticed Asterion
 41052 | Vaults:3 | Killed Asterion
 41978 | Vaults:3 | You fall into a shaft and drop 1 floor!
 42039 | Vaults:4 | Received a gift from Okawaru
 42823 | Vaults:4 | Identified the +6 hand axe of the Aged Hells {freeze, rF++
                  | Stlth+}
 42987 | Vaults:3 | Reached skill level 22 in Armour
 43445 | Vaults:4 | Noticed an ancient lich
 43468 | Vaults:4 | Killed an ancient lich
 43597 | Vaults:4 | Received a gift from Okawaru
 43886 | Vaults:4 | Found Zol Kopp's Weapon Shop.
 44319 | Depths:1 | Entered Level 1 of the Depths
 44588 | Depths:1 | Found an ancient bone altar of Kikubaaqudgha.
 44904 | Depths:1 | Found a sparkling altar of Nemelex Xobeh.
 45275 | Depths:1 | Reached XP level 21. HP: 140/193 MP: 8/28
 45567 | Depths:1 | Received a gift from Okawaru
 45703 | Depths:1 | Found a gateway to Hell.
 45962 | Depths:2 | Found a one-way gate leading to the halls of Pandemonium.
 46419 | Depths:2 | Found a stormy altar of Qazlal.
 46554 | Depths:2 | Received a gift from Okawaru
 47448 | Depths:2 | Received a gift from Okawaru
 47851 | Depths:1 | Reached skill level 23 in Armour
 48201 | Depths:2 | Noticed a caustic shrike
 48225 | Depths:2 | Killed a caustic shrike
 48225 | Depths:2 | Received a gift from Okawaru
 48409 | Depths:2 | Identified the +5 long sword "Diytz" {elec, rElec Str+3
                  | Int+2}
 48487 | Depths:2 | Noticed a golden dragon
 48515 | Depths:2 | Killed a golden dragon
 48831 | Orc:2    | Bought an embroidered cloak for 232 gold pieces
 49318 | Depths:3 | Found a one-way gate to the infinite horrors of the Abyss.
 49551 | Depths:3 | Voluntarily entered the Abyss.
 49795 | Depths:3 | Escaped the Abyss
 49871 | Depths:3 | Voluntarily entered the Abyss.
 49923 | Abyss:1  | Found a corrupted altar of Lugonu.
 49948 | Abyss:1  | Found a stormy altar of Qazlal.
 49955 | Abyss:1  | Found a stormy altar of Qazlal.
 49955 | Abyss:1  | Found a stormy altar of Qazlal.
 49961 | Abyss:1  | Found a corrupted altar of Lugonu.
 50085 | Abyss:1  | Gained mutation: Your magical capacity is low. (-10% MP) [a
                  | neqoxec]
 50230 | Abyss:1  | Received a gift from Okawaru
 50246 | Abyss:1  | Reached XP level 22. HP: 196/204 MP: 8/26
 50278 | Depths:3 | Escaped the Abyss
 50282 | Depths:3 | Voluntarily entered the Abyss.
 50327 | Abyss:2  | Found a corrupted altar of Lugonu.
 50842 | Abyss:2  | Paralysed by an air elemental for 1 turns
 51067 | Depths:3 | Escaped the Abyss
 51144 | Depths:3 | Voluntarily entered the Abyss.
 51175 | Abyss:3  | Found a corrupted altar of Lugonu.
 51284 | Abyss:3  | Found a blossoming altar of Fedhas.
 51298 | Abyss:3  | Found a blossoming altar of Fedhas.
 51298 | Abyss:3  | Found a blossoming altar of Fedhas.
 51432 | Abyss:3  | Received a gift from Okawaru
 51622 | Depths:3 | Escaped the Abyss
 51736 | Depths:3 | Voluntarily entered the Abyss.
 51738 | Abyss:3  | Noticed a dread lich
 51762 | Abyss:3  | Killed a dread lich
 51958 | Abyss:3  | Found a transporter.
 52010 | Abyss:3  | Found a transporter.
 52014 | Abyss:3  | Paralysed by accursed screaming for 1 turns
 52016 | Abyss:3  | Found a transporter.
 52018 | Abyss:3  | Got an abyssal rune of Zot
 52175 | Depths:3 | Escaped the Abyss
 52555 | Depths:3 | Reached skill level 24 in Armour
 52562 | Depths:3 | Received a gift from Okawaru
 52718 | Depths:3 | Noticed a caustic shrike
 52718 | Depths:3 | Noticed a golden dragon
 52737 | Depths:3 | Killed a caustic shrike
 52758 | Depths:3 | Killed a golden dragon
 52856 | Depths:3 | Noticed a juggernaut
 52878 | Depths:3 | Killed a juggernaut
 53033 | Depths:3 | Identified the +10 orcbow of the Sea {antimagic, rElec
                  | Dex+4}
 53034 | Depths:3 | Identified the ring of Qunoodae {rPois rF- Str+6 Int+4
                  | Stlth+}
 53057 | Depths:3 | Noticed a golden dragon
 53068 | Depths:3 | Killed a golden dragon
 53469 | Depths:3 | Found Myquxuk's Neck Hole.
 53488 | Depths:3 | Bought the amulet "Manul" {Reflect rC+ Dex-4 SH+5 SInv} for
                  | 437 gold pieces
 53641 | Depths:3 | Found Ideyss's Antique Weapon Boutique.
 53644 | Depths:3 | Found Lickeim's Antique Armour Shop.
 53644 | Depths:3 | Found Ynuomun's Antique Weapon Boutique.
 53670 | Depths:3 | Found Vygeutenu's Magic Scroll Shop.
 53678 | Depths:3 | Bought a scroll of revelation for 165 gold pieces
 53684 | Depths:3 | Bought a scroll of fog for 88 gold pieces
 53808 | Depths:3 | Received a gift from Okawaru
 54051 | Depths:4 | Entered Level 4 of the Depths
 54249 | Depths:4 | Noticed a golden dragon
 54296 | Depths:4 | Killed a golden dragon
 54419 | Depths:4 | Noticed a golden dragon
 54449 | Depths:3 | Killed a golden dragon
 54450 | Depths:3 | Reached XP level 23. HP: 170/203 MP: 9/27
 55118 | Depths:4 | Found a gate to the Realm of Zot.
 55230 | Depths:4 | Received a gift from Okawaru
 55518 | Depths:4 | Found a one-way gateway to a ziggurat.
 55986 | Hell     | Entered the Vestibule of Hell
 55986 | Hell     | Noticed Geryon
 56016 | Zot:1    | Entered Level 1 of the Realm of Zot
 56811 | Depths:4 | Received a gift from Okawaru
 56973 | Zot:2    | Noticed an orb of fire
 56974 | Zot:2    | Gained mutation: You are vulnerable to heat. (rF-) [an orb
                  | of fire]
 56975 | Zot:2    | Noticed a curse toe
 57231 | Zot:2    | Gained mutation: You are strong-willed. (Will+) [an orb of
                  | fire]
 57262 | Zot:1    | Killed an orb of fire
 57483 | Zot:1    | Lost mutation: Your magical capacity is low. (-10% MP)
                  | [potion of mutation]
 57483 | Zot:1    | Lost mutation: You are strong-willed. (Will+) [potion of
                  | mutation]
 57483 | Zot:1    | Gained mutation: You expend magic power (3 MP) to
                  | strengthen your wands. [potion of mutation]
 57483 | Zot:1    | Gained mutation: Your magical capacity is low. (-10% MP)
                  | [potion of mutation]
 57484 | Zot:1    | Lost mutation: You expend magic power (3 MP) to strengthen
                  | your wands. [potion of mutation]
 57484 | Zot:1    | Lost mutation: Your muscles are strong. (Str +4, Int/Dex
                  | -1) [potion of mutation]
 57484 | Zot:1    | Gained mutation: Your magical capacity is very low. (-20%
                  | MP) [potion of mutation]
 57484 | Zot:1    | Gained mutation: You are partially covered in iridescent
                  | scales. (AC +2) [potion of mutation]
 57484 | Zot:1    | Gained mutation: You are mostly covered in iridescent
                  | scales. (AC +4) [potion of mutation]
 57484 | Zot:1    | Gained mutation: Your spells are a little harder to cast,
                  | but a little more powerful. [potion of mutation]
 57485 | Zot:1    | Lost mutation: You are vulnerable to heat. (rF-) [potion of
                  | mutation]
 57485 | Zot:1    | Lost mutation: Your magical capacity is very low. (-20% MP)
                  | [potion of mutation]
 57485 | Zot:1    | Gained mutation: Your magical capacity is very low. (-20%
                  | MP) [potion of mutation]
 57485 | Zot:1    | Gained mutation: Your flesh is heat resistant. (rF+)
                  | [potion of mutation]
 57485 | Zot:1    | Gained mutation: You are completely covered in iridescent
                  | scales. (AC +6) [potion of mutation]
 57522 | Zot:1    | Killed a curse toe
 58119 | Zot:2    | Received a gift from Okawaru
 58607 | Zot:3    | Reached skill level 25 in Armour
 58634 | Zot:3    | Noticed Vv
 58726 | Zot:2    | Killed Vv
 59053 | Zot:3    | Received a gift from Okawaru
 59167 | Zot:3    | Noticed a Killer Klown
 59287 | Zot:3    | Killed a Killer Klown
 59387 | Zot:3    | Noticed a Killer Klown
 59419 | Zot:3    | Killed a Killer Klown
 59430 | Zot:3    | Reached XP level 24. HP: 149/212 MP: 8/24
 59478 | Zot:3    | Noticed an orb of fire
 59506 | Zot:3    | Killed an orb of fire
 59811 | Zot:4    | Noticed an ancient lich
 59965 | Zot:4    | Found a transporter.
 59969 | Zot:4    | Found a shimmering blue altar of Sif Muna.
 59986 | Zot:4    | Noticed a Killer Klown
 60011 | Zot:3    | Killed a Killer Klown
 60011 | Zot:3    | Received a gift from Okawaru
 60170 | Zot:5    | Entered Level 5 of the Realm of Zot
 60902 | Zot:5    | Received a gift from Okawaru
 61324 | Zot:5    | Noticed a Killer Klown
 61340 | Zot:5    | Killed a Killer Klown
 61507 | Zot:5    | Noticed a dread lich
 61507 | Zot:5    | Noticed a Killer Klown
 61537 | Zot:5    | Killed a dread lich
 61548 | Zot:5    | Killed a Killer Klown
 61646 | Zot:5    | Identified the +9 dagger "Omimpoji" {protect, rCorr}
 61953 | Zot:5    | Noticed an orb of fire
 61955 | Zot:5    | Gained mutation: You occasionally lose the ability to read
                  | scrolls when taking damage. [an orb of fire]
 61976 | Zot:5    | Killed an orb of fire
 61976 | Zot:5    | Received a gift from Okawaru
 61981 | Zot:5    | Noticed a Killer Klown
 61988 | Zot:5    | Killed a Killer Klown
 62350 | Zot:5    | Noticed a Killer Klown
 62369 | Zot:5    | Killed a Killer Klown
 62394 | Zot:5    | Noticed a Killer Klown
 62406 | Zot:5    | Noticed an ancient lich
 62433 | Zot:5    | Killed an ancient lich
 62461 | Zot:5    | Killed a Killer Klown
 62754 | Zot:5    | Reached skill level 26 in Armour
 62788 | Zot:5    | Received a gift from Okawaru
 63060 | Zot:5    | Got the Orb of Zot
 63119 | Zot:5    | Noticed Sued the pandemonium lord
 63236 | Zot:1    | Reached XP level 25. HP: 177/234 MP: 8/24
 63483 | D:11     | Gained mutation: You do not regenerate when monsters are
                  | visible. [a cacodemon]
 63688 | D:$      | Escaped with the Orb!

Illustrated notes

Levels and vault maps discovered:
D:1:      lightli_molten_gateway, layout_basic, minivault_5, minmay_pentomino_u2
D:2:      layout_basic, basic_altar, grunt_decor_one_mirror
D:3:      layout_rooms, minmay_misc_feat_five, nrook_mini_vaults, uniq_grinder,
          uniq_robin, uniq_crazy_yiuf_cottage
D:4:      layout_loops_cross, pdpol_wu_jian_five_deadly_venoms, fedhas_altar_1,
          lemuel_doored_altar, gammafunk_ghost_gnarly_gnolls, uniq_ijyb
D:5:      layout_rooms, minmay_temple_entry_purple_smoke
D:6:      layout_basic, hex_tiny, uniq_jeremiah
D:7:      layout_basic, lemuel_zombie_altar_yredelemnul, serial_shops, shop,
          eino_small_chamber_without_monster, lemuel_flamethrower_2,
          uniq_duvessa
D:8:      layout_basic, nicolae_gozag_seed_capital, serial_shops,
          nicolae_shop_gaudy_bauble, minmay_diamond_spiral, uniq_maggie
D:9:      layout_loops_ring, tso_altar, old_standard_altar, enter_bailey_4,
          kennysheep_potato
D:10:     layout_small_grid, david_orc_4
D:11:     layout_basic, due_lair_maze_entry_diamond, gauntlet_entry_generic,
          uniq_erolcha
D:12:     layout_rooms, serial_shops, nicolae_shop_tiny_statue_garden,
          nrook_guardian_serpent_double, uniq_jorgrun, uniq_urug, uniq_sonja
D:13:     layout_rooms, skrybe_vaults_entry_preservation, serial_shops,
          nicolae_shop_tiny_real_fake_doors, nicolae_take_the_stairs, shop,
          nicolae_shop_crystal, serial_library,
          serial_library_hellmonk_layered_room,
          serial_library_hellmonk_semicircle,
          serial_library_regret_index_split_case,
          serial_library_regret_index_headful,
          serial_library_hellmonk_metal_room,
          serial_library_hellmonk_open_square, bh_circular_ruins
D:14:     layout_loops_cross, serial_shops, shop, grunt_decor_junction,
          nicolae_twisty_statue_hallways
D:15:     gammafunk_enter_depths_forms, layout_loops_cross, uniq_kirke,
          uniq_azrael
Temple:   hellmonk_temple_of_storms
Lair:1:   minmay_lair_oklob_tunnel, layout_regular_city,
          chequers_serial_rivers_room_a, nicolae_lair_grazing_beasts
          [nicolae_sub_lair_graze_edge, nicolae_sub_lair_graze_edge,
          nicolae_sub_lair_graze_edge, nicolae_sub_lair_graze_edge]
Lair:2:   layout_regular_city, spider_nest_entry_funnel_web
Lair:3:   layout_cave_pods, nicolae_shoals_entry_roost,
          portal_ice_cave_entry_pillars_2, roderic_carrion_pond,
          grunt_forest_small_clearing_treed
Lair:4:   layout_gridlike, nicolae_slime_entry_field_trip, lemuel_fruit_tree,
          grunt_megastairs_3, lemuel_fruit_fields, infiniplex_staircase_pool_2
Lair:5:   minmay_lair_end_enchanted_forest, layout_regular_city,
          serial_bayou_crossing, grunt_megastairs_5
Shoals:1: layout_shoals, serial_shops, nicolae_shop_advertising_works
          [nicolae_subvault_shop_adworks], ebering_ghost_inner_flame,
          yaktaur_hedge
Shoals:2: layout_shoals, serial_shops,
          nicolae_shop_temple_entry_statues_fountains,
          nicolae_shoals_enchanted_isle, nicolae_shoals_former_cling_halls
Shoals:3: layout_shoals, wheals_shoals_ruined_temple
Shoals:4: shoals_end_hangedman, layout_shoals, uniq_aizul, uniq_donald
Spider:1: layout_chambers
Spider:2: layout_chambers, uniq_arachne
Spider:3: layout_spider_delve
Spider:4: floodkiller_spider_rune_tomb, nicolae_spider_spiderdrome
Slime:1:  layout_caves
Orc:1:    layout_caves, basic_altar, nicolae_shop_firing_range
Orc:2:    grunt_orc_community_town_hall, layout_caves,
          grunt_orc_community_big_house_2, grunt_orc_community_big_house_2,
          grunt_orc_community_house_1, grunt_orc_community_house_1,
          grunt_orc_community_house_1, grunt_orc_community_house_3,
          grunt_orc_community_house_1, grunt_orc_community_house_3
Vaults:1: not_door_vault_mu, nicolae_vaults_sightless_eye,
          nicolae_vaults_wrenched, grunt_vaults_trifunnel,
          ontoclasm_vaults_ring_square, v_misc_26,
          nicolae_vaults_heart-shaped_vault, nicolae_vaults_house_2,
          nicolae_vaults_double_plus_2, layout_vaults_quadrants
Vaults:2: portal_desolation_entry_salt, blue_anna_dwarven_crypt,
          nicolae_vaults_hallways_thing, vaults_mumra_bighexcomb,
          grunt_vaults_swirl, nicolae_vaults_closet_pinwheel_1, v_misc_5,
          v_misc_28, ontoclasm_vaults_fault, nicolae_vaults_tetromino_T_1,
          layout_vaults_big_cross
Vaults:3: v_misc_3, grunt_vaults_diagonal, vaults_room_stairs_pillars,
          nicolae_vaults_three_branches, nicolae_vaults_more_shelving_2,
          v_rooms_3, nicolae_vaults_doubleplus_tesselated,
          ontoclasm_vaults_ligature, vaults_dpeg_hooks, v_misc_2,
          v_alt_pattern_3, hangedman_vaults_stretched_pinwheel,
          nicolae_vaults_specimen_jars, ontoclasm_vaults_twist,
          layout_vaults_maze_snakey, uniq_asterion
Vaults:4: ontoclasm_vaults_decontamination, v_misc_19,
          nicolae_vaults_twisting_passages, nicolae_vaults_gold_heap,
          nicolae_vaults_house_2, v_pattern_4, v_misc_18,
          nicolae_vaults_security_offices_1, nicolae_vaults_double_plus_2,
          nicolae_vaults_diamond_2, grunt_vaults_focal, layout_vaults_ring,
          serial_shops, nicolae_square_shop
Depths:1: layout_long_grid, hellmouth_2, nicolae_kikubaaqudgha_miasma_corner,
          nemelex_diamond_rough_becter
Depths:2: nooodl_heptagram, layout_gridville, hangedman_coc_ice_floe,
          grunt_pan_entry_zigzag, nicolae_qazlal_eye_of_the_storm,
          roderic_serpentine_path
Depths:3: minmay_two_paths, layout_gridville, grunt_hell_entry_dis_grunt,
          minmay_misc_feat_tiny, abyss_entry, nicolae_shop_sticking_my_neck_out,
          minmay_shoptagon, uniq_margery
Depths:4: grunt_zot_entry_tricorne, layout_cave_pools, enter_ziggurat_f,
          pf_vacation_house_of_asmodeus, serial_bayou, serial_bayou_ford_a,
          serial_bayou_lagoon_a, serial_bayou_pond_b, serial_bayou_pond_c,
          serial_bayou_shore_b, serial_bayou_pond_e
Hell
Zot:1:    layout_onion_interference, bh_zot_lava_cross,
          regret_index_zotdec_golden_two_three, uniq_tiamat
Zot:2:    layout_misc_corridors
Zot:3:    grunt_zot_stairs_mandelzot, layout_basic,
          hangedman_zot_decor_checkerboard, uniq_vv
Zot:4:    gammafunk_sealed_library, layout_gridlike
Zot:5:    layout_cathedral_of_symmetry

Skill      XL: |  1  2  3  4  5  6  7  8  9 10 11 12 13 14 15 16 17 18 19 20 21 22 23 24 |
---------------+-------------------------------------------------------------------------+-----
Maces & Flails | 2 3 4 6 7 8 9 10 11 12 13 14 15 16 17 18 19 | 19.6
Fighting       | 3 4 5 6 8 9 10 11 12 13 14 15 16 17 18 19 20 | 20.8
Armour         | 4 5 6 7 9 10 12 13 14 16 17 18 19 20 22 23 24 25 26 | 26.1
Shields        | 4 5 7 9 10 12 13 14 16 17 18 19 20 21 22 23 | 23.6
Invocations    | 2 4 6 7 9 10 | 10.0
Throwing       | 3 6 8 10 12 13 | 13.4

Action                     |  1- 3 |  4- 6 |  7- 9 | 10-12 | 13-15 | 16-18 | 19-21 | 22-24 | 25-27 || total
---------------------------+-------+-------+-------+-------+-------+-------+-------+-------+-------++-------
  Melee: Flail             |   140 |    29 |       |       |       |       |       |       |       ||   169
         Tailslap          |    14 |    10 |    56 |   119 |   453 |   612 |   770 |   784 |    10 ||  2828
         Whip              |       |    76 |   363 |   705 |   597 |       |       |       |       ||  1741
         Demon whip        |       |       |       |       |  1553 |  2725 |  2852 |  3069 |    45 || 10244
         Eveningstar       |       |       |       |       |    11 |     4 |   127 |    61 |       ||   203
  Throw: Boomerang         |       |       |       |       |       |     5 |   104 |    37 |       ||   146
 Invoke: Heroism           |       |       |     1 |     5 |     2 |     1 |     3 |     7 |       ||    19
         Finesse           |       |       |       |     2 |       |     1 |     2 |     6 |       ||    11
         Receive Weapon    |       |       |       |       |     1 |       |       |       |       ||     1
         Receive Armour    |       |       |       |       |     1 |       |       |       |       ||     1
  Evoke: Wand              |       |       |       |       |       |       |     2 |     7 |     2 ||    11
    Use: Potion            |       |     1 |     1 |     1 |     6 |       |       |    13 |       ||    22
         Scroll            |       |       |    16 |     8 |     6 |     4 |    14 |     7 |       ||    55
 Armour: Scale mail        |   129 |    94 |   146 |       |       |       |       |       |       ||   369
         Acid dragon scale |       |       |    35 |    63 |       |       |       |       |       ||    98
         Chain mail        |       |       |       |   303 |  1065 |  1316 |  1358 |       |       ||  4042
         Gold dragon scale |       |       |       |       |       |       |    72 |  1701 |    15 ||  1788
  Dodge: Dodged            |    47 |    31 |    65 |   134 |   169 |   247 |   218 |   174 |       ||  1085
  Block: Buckler           |    21 |    14 |    40 |    70 |       |       |       |       |       ||   145
         Kite shield       |       |       |       |    75 |   811 |  1598 |  1825 |  2034 |    36 ||  6379
         Reflection        |       |       |       |       |       |       |       |    22 |     1 ||    23
